Hurricanes vs Predators

Created - November-21-12 at 20:18

Goals
1 2 3 OT1 SO T
Hurricanes 1 0 1 0 1 3
Predators 1 0 1 0 0 2
Shots
1 2 3 OT1 SO T
Hurricanes 13 2 7 0 3 22
Predators 5 7 13 2 3 27

1st period

1. Hurricanes , Eric Staal 8 (Joffrey Lupul, Duncan Keith) at 8:27 (PP)
2. Predators , Nicklas Backstrom 1 (Braydon Coburn, Steven Stamkos) at 11:59 (PP)

Penalties :
Braydon Coburn (NSH) for Hooking (Minor) at 1:18, Darroll Powe (CAR) for Interference (Minor) at 3:23, Max Pacioretty (NSH) for Hooking (Minor) at 4:06, Joey Crabb (NSH) for Delaying the game (Minor) at 8:11, Jason Chimera (CAR) for Roughing (Minor) at 8:51, Ryan Wilson (CAR) for Holding (Minor) at 11:31, Braydon Coburn (NSH) for Interference (Minor) at 13:45, Raffi Torres (NSH) for Interference (Minor) at 16:15, Braydon Coburn (NSH) for Interference (Minor) at 17:06

2nd period

No Goal

Penalties :
Duncan Keith (CAR) for Delaying the game (Minor) at 2:23, Wayne Simmonds (NSH) for Interference (Minor) at 10:28, Jesse Winchester (CAR) for Hooking (Minor) at 14:34

3rd period

3. Predators , Steven Stamkos 12 (Braydon Coburn) at 1:51
4. Hurricanes , Eric Staal 9 (Joffrey Lupul, Anton Volchenkov) at 2:06

Penalties :
Joffrey Lupul (CAR) for Hooking (Minor) at 4:50, Wayne Simmonds (NSH) for Roughing (Minor) at 9:21, Joey Crabb (NSH) for Cross-checking (Minor) at 13:27

Overtime #1

No Goal

Penalties :
No Penalty

Shootout

Penalty Shot by Eric Staal for Hurricanes - Stopped by Pekka Rinne
Penalty Shot by Steven Stamkos for Predators - Stopped by Mike Smith
Penalty Shot by Joffrey Lupul for Hurricanes - Goal!
Penalty Shot by Marian Gaborik for Predators - Stopped by Mike Smith
Penalty Shot by Patrik Elias for Hurricanes - Shot Misses the Net
Penalty Shot by Jeff Carter for Predators - Stopped by Mike Smith

Penalties :
No Penalty

Goalie Stats

Mike Smith (CAR), 25 saves from 27 shots - (0.926), W, 12-8-1, 65:00 minutes
Pekka Rinne (NSH), 20 saves from 22 shots - (0.909), OTL, 13-5-1, 65:00 minutes

Players Stats for Hurricanes

Player Name              G  A  P  +/- PIM S  H  SB GA TA FO     MP     PP MP  PK MP  
------------------------------------------------------------------------------------
Anton Volchenkov         0  1  1   1  0   2  2  2  0  0  0/0    26:34   6:47   4:26 
Brandon McMillan         0  0  0  -1  0   0  0  0  0  0  3/6    11:02   0:39   4:25 
Chad LaRose              0  0  0   1  0   0  1  0  0  0  0/5    17:38   7:21   0:00 
Daniel Winnik            0  0  0   0  0   1  0  0  0  0  0/1     8:04   0:00   0:00 
Darroll Powe             0  0  0   0  2   0  1  0  0  0  3/7    12:14   0:00   4:11 
Duncan Keith             0  1  1   0  2   4  1  0  0  0  0/0    23:38   6:57   0:00 
Eric Staal               2  0  2   1  0   6  0  0  0  0  11/26  20:10   6:23   0:52 
Jarome Iginla            0  0  0   0  0   2  0  0  0  0  0/1    22:05   7:21   0:00 
Jason Chimera            0  0  0  -1  2   0  0  0  0  0  0/0     5:25   0:00   0:00 
Jesse Winchester         0  0  0   0  2   1  1  0  0  0  3/8     8:03   0:00   0:00 
Joffrey Lupul            0  2  2   1  2   1  1  0  0  0  0/1    19:45   6:23   0:00 
Matt Cooke               0  0  0   0  0   1  2  0  0  0  1/3    22:30   5:44   4:08 
Matt Greene              0  0  0   1  0   0  2  1  0  0  0/0    18:26   0:00   4:41 
Patrik Elias             0  0  0   0  0   4  0  0  0  0  19/33  27:11   7:21   4:38 
Ryan Wilson              0  0  0   0  2   0  3  2  0  0  0/0    23:28   6:47   0:00 
Shane OBrien             0  0  0  -1  0   0  0  1  0  0  0/0    14:47   0:00   4:41 
Sheldon Brookbank        0  0  0  -1  0   0  0  0  0  0  0/0    23:05   6:57   4:26 
Warren Peters            0  0  0  -1  0   0  0  0  0  0  4/7     5:26   0:00   0:00 

Players Stats for Predators

Player Name              G  A  P  +/- PIM S  H  SB GA TA FO     MP     PP MP  PK MP  
------------------------------------------------------------------------------------
Braydon Coburn           0  2  2   1  6   2  2  2  0  0  0/0    26:00   5:26   4:21 
Deryk Engelland          0  0  0   0  0   0  2  1  0  0  0/0     8:33   0:00   5:27 
Jeff Carter              0  0  0  -1  0   2  1  0  0  0  24/32  20:11   0:00   8:29 
Jeff Petry               0  0  0   1  0   1  1  1  0  0  0/0    19:46   3:41   2:05 
Joey Crabb               0  0  0  -1  4   0  1  0  0  0  0/1    16:47   0:00   7:19 
Marian Gaborik           0  0  0   0  0   2  0  0  0  0  2/4    19:25   4:46   0:00 
Max Pacioretty           0  0  0   0  2   2  3  0  0  0  1/3    18:37   4:45   0:00 
Mikhail Grabovski        0  0  0   0  0   0  3  0  0  0  13/26  19:42   4:46   0:28 
Nicklas Backstrom        1  0  1   1  0   6  1  0  0  0  9/21   23:32   4:21   4:20 
Patric Hornqvist         0  0  0  -1  0   0  0  0  0  0  0/0     8:38   0:00   0:00 
Raffi Torres             0  0  0   0  2   0  0  0  0  0  0/0     2:07   0:00   1:52 
Roman Polak              0  0  0  -1  0   0  1  0  0  0  0/0    13:47   0:00   7:44 
Rostislav Klesla         0  0  0   0  0   2  0  0  0  0  0/0    21:19   3:41   1:17 
Shea Weber               0  0  0   0  0   1  0  0  0  0  0/0    21:53   5:26   0:00 
Steven Stamkos           1  1  2   1  0   5  1  0  0  0  5/9    23:05   4:21   1:02 
T.J. Galiardi            0  0  0   0  0   0  0  0  0  0  0/0     0:16   0:00   0:00 
Wayne Simmonds           0  0  0   1  4   3  3  0  0  0  0/2    21:26   4:21   2:50 
Zbynek Michalek          0  0  0  -1  0   1  0  0  0  0  0/0    18:39   0:00   6:33 

3 Stars

1 - Eric Staal (CAR)
2 - Steven Stamkos (NSH)
3 - Nicklas Backstrom (NSH)

Power Play

Hurricanes - 1 on 9 Attempt(s) - 11.11%
Predators - 1 on 6 Attempt(s) - 16.67%

Penalty Kill

Hurricanes - 5 on 6 Attempt(s) - 83.33% - Score 0 goal in Penalty Kill
Predators - 8 on 9 Attempt(s) - 88.89% - Score 0 goal in Penalty Kill

Official

Referees : Tim Peel and Jean Hebert
Linesman : Dan Schachte and Lonnie Cameron

Game Notes

No Game Note

Finance

Level 1 -- Attendance: 6016 (92.55%) -- Ticket Income $601,600
Level 2 -- Attendance: 4726 (94.52%) -- Ticket Income $354,450
Level 3 -- Attendance: 3500 (100.00%) -- Ticket Income $175,000
Level 4 -- Attendance: 1113 (100.00%) -- Ticket Income $27,825
Luxury Box -- Attendance: 1000 (100.00%) -- Ticket Income $170,000
Game was played at the Bridgestone Arena
Total Attendance: 16355 (95.57%)
Total Ticket Income: $1,328,875
Other Income: $199,331
Total Income: $1,528,206


% Time on Ice - Hurricanes

Lines # - Real PCT - Wanted PCT - Time Play
Normal Forward
1 - 29% - 37% - 10:17
2 - 34% - 37% - 12:06
3 - 22% - 16% - 8:04
4 - 15% - 10% - 5:26
Normal Defense
1 - 38% - 35% - 13:41
2 - 37% - 35% - 13:11
3 - 25% - 20% - 9:01
4 - 0% - 10% - 0:00
PP Forward
1 - 54% - 50% - 7:21
2 - 46% - 50% - 6:23
PP Defense
1 - 49% - 50% - 6:47
2 - 51% - 50% - 6:57
PK Forward
1 - 48% - 50% - 4:25
2 - 52% - 50% - 4:42
PK Defense
1 - 49% - 50% - 4:26
2 - 51% - 50% - 4:41
PK3 Forward
1 - 0% - 60%
2 - 0% - 40%
PK3 Defense
1 - 0% - 50%
2 - 0% - 50%
44 Forward
1 - 58% - 50% - 3:38
2 - 42% - 50% - 2:38
44 Defense
1 - 48% - 50% - 3:01
2 - 52% - 50% - 3:15
Last Minute Offensive  - 0:00
Last Minute Defensive  - 0:00
Total
Forward - 65:00
Defense - 65:00

% Time on Ice - Predators

Lines # - Real PCT - Wanted PCT - Time Play
Normal Forward
1 - 40% - 38% - 14:17
2 - 35% - 34% - 12:42
3 - 24% - 22% - 8:38
4 - 1% - 6% - 0:16
Normal Defense
1 - 38% - 37% - 13:28
2 - 37% - 36% - 13:16
3 - 17% - 16% - 6:03
4 - 9% - 11% - 3:06
PP Forward
1 - 52% - 60% - 4:46
2 - 48% - 40% - 4:21
PP Defense
1 - 60% - 52% - 5:26
2 - 40% - 48% - 3:41
PK Forward
1 - 66% - 60% - 8:22
2 - 34% - 40% - 4:14
PK Defense
1 - 59% - 60% - 7:29
2 - 41% - 40% - 5:07
PK3 Forward
1 - 91% - 60% - 1:02
2 - 9% - 40% - 0:06
PK3 Defense
1 - 71% - 52% - 0:48
2 - 29% - 48% - 0:20
44 Forward
1 - 72% - 60% - 4:30
2 - 28% - 40% - 1:46
44 Defense
1 - 48% - 52% - 2:59
2 - 52% - 48% - 3:17
Last Minute Offensive  - 0:00
Last Minute Defensive  - 0:00
Total
Forward - 65:00
Defense - 65:00

Play by Play

1st period


0:01 of 1st period - Eric Staal wins face-off versus Nicklas Backstrom in neutral zone.
0:06 of 1st period - Rostislav Klesla is hit by Joffrey Lupul and loses puck.
0:11 of 1st period - Shot by Eric Staal.
0:11 of 1st period - Shot Misses the Net.
0:37 of 1st period - Shot by Eric Staal.
0:37 of 1st period - Shot Misses the Net.
1:01 of 1st period - Shot by Jarome Iginla.
1:01 of 1st period - Shot Misses the Net.
1:03 of 1st period - Shot by Jarome Iginla.
1:03 of 1st period - Shot Misses the Net.
1:13 of 1st period - Shot by Matt Cooke.
1:13 of 1st period - Stopped by Pekka Rinne without a rebound.
1:14 of 1st period - Jesse Winchester wins face-off versus Mikhail Grabovski in Predators zone.
1:15 of 1st period - Shot by Shane OBrien.
1:15 of 1st period - Shot Blocked by Jeff Petry.
1:17 of 1st period - Shot by Jesse Winchester.
1:17 of 1st period - Stopped by Pekka Rinne without a rebound.
1:18 of 1st period - Jesse Winchester wins face-off versus Mikhail Grabovski in Predators zone.
1:18 of 1st period - Minor Penalty to Braydon Coburn for Hooking.
1:19 of 1st period - Jeff Carter wins face-off versus Patrik Elias in Predators zone.
2:04 of 1st period - Shot by Zbynek Michalek.
2:04 of 1st period - Stopped by Mike Smith with a rebound.
2:06 of 1st period - Shot by Nicklas Backstrom.
2:06 of 1st period - Stopped by Mike Smith with a rebound.
2:29 of 1st period - Roman Polak is hit by Matt Cooke and loses puck.
2:39 of 1st period - Icing by Matt Cooke.
2:40 of 1st period - Jeff Carter wins face-off versus Eric Staal in Hurricanes zone.
2:40 of 1st period - Joey Crabb is hit by Anton Volchenkov and loses puck.
3:22 of 1st period - Icing by Shea Weber.
3:23 of 1st period - Max Pacioretty wins face-off versus Jesse Winchester in Predators zone.
3:23 of 1st period - Minor Penalty to Darroll Powe for Interference.
3:24 of 1st period - Patrik Elias wins face-off versus Mikhail Grabovski in Hurricanes zone.
3:43 of 1st period - Shot by Shea Weber.
3:43 of 1st period - Shot Misses the Net.
4:06 of 1st period - Minor Penalty to Max Pacioretty for Hooking.
4:07 of 1st period - Patrik Elias wins face-off versus Steven Stamkos in Predators zone.
4:15 of 1st period - Icing by Zbynek Michalek.
4:16 of 1st period - Steven Stamkos wins face-off versus Eric Staal in Predators zone.
4:44 of 1st period - Shot by Jarome Iginla.
4:44 of 1st period - Shot Misses the Net.
4:46 of 1st period - Shot by Eric Staal.
4:46 of 1st period - Stopped by Pekka Rinne without a rebound.
4:47 of 1st period - Mikhail Grabovski wins face-off versus Patrik Elias in Predators zone.
4:58 of 1st period - Shot by Marian Gaborik.
4:58 of 1st period - Deflect By Mikhail Grabovski.
4:58 of 1st period - Shot Hit the Post.
5:22 of 1st period - Shot by Marian Gaborik.
5:22 of 1st period - Stopped by Mike Smith without a rebound.
5:23 of 1st period - Patrik Elias wins face-off versus Jeff Carter in Hurricanes zone.
7:09 of 1st period - Icing by Zbynek Michalek.
7:10 of 1st period - Eric Staal wins face-off versus Mikhail Grabovski in Predators zone.
7:21 of 1st period - Duncan Keith is hit by Deryk Engelland and loses puck.
7:28 of 1st period - Shot by Eric Staal.
7:28 of 1st period - Stopped by Pekka Rinne without a rebound.
7:29 of 1st period - Jeff Carter wins face-off versus Matt Cooke in Predators zone.
8:11 of 1st period - Minor Penalty to Joey Crabb for Delaying the game.
8:12 of 1st period - Nicklas Backstrom wins face-off versus Eric Staal in Predators zone.
8:27 of 1st period - Shot by Eric Staal.
8:27 of 1st period - Goal by Eric Staal - Hurricanes : 1 - Predators : 0.
8:28 of 1st period - Mikhail Grabovski wins face-off versus Warren Peters in neutral zone.
8:40 of 1st period - Shea Weber is hit by Ryan Wilson.
8:51 of 1st period - Minor Penalty to Jason Chimera for Roughing.
8:52 of 1st period - Nicklas Backstrom wins face-off versus Darroll Powe in Hurricanes zone.
10:05 of 1st period - Shot by Max Pacioretty.
10:05 of 1st period - Deflect By Marian Gaborik.
10:05 of 1st period - Shot Hit the Post.
10:28 of 1st period - Icing by Rostislav Klesla.
10:29 of 1st period - Mikhail Grabovski wins face-off versus Brandon McMillan in Predators zone.
11:25 of 1st period - Jeff Carter is hit by Duncan Keith and loses puck.
11:30 of 1st period - Shot by Jeff Carter.
11:30 of 1st period - Shot Blocked by Ryan Wilson.
11:31 of 1st period - Minor Penalty to Ryan Wilson for Holding.
11:32 of 1st period - Nicklas Backstrom wins face-off versus Brandon McMillan in Hurricanes zone.
11:33 of 1st period - Shot by Shea Weber.
11:33 of 1st period - Shot Misses the Net.
11:35 of 1st period - Shot by Wayne Simmonds.
11:35 of 1st period - Stopped by Mike Smith without a rebound.
11:36 of 1st period - Nicklas Backstrom wins face-off versus Brandon McMillan in Hurricanes zone.
11:59 of 1st period - Shot by Nicklas Backstrom.
11:59 of 1st period - Goal by Nicklas Backstrom - Hurricanes : 1 - Predators : 1.
12:00 of 1st period - Mikhail Grabovski wins face-off versus Eric Staal in neutral zone.
12:42 of 1st period - Marian Gaborik is hit by Ryan Wilson and loses puck.
13:03 of 1st period - Shot by Patrik Elias.
13:03 of 1st period - Shot Misses the Net.
13:05 of 1st period - Shot by Matt Cooke.
13:05 of 1st period - Shot Blocked by Braydon Coburn.
13:07 of 1st period - Shot by Patrik Elias.
13:07 of 1st period - Stopped by Pekka Rinne with a rebound.
13:12 of 1st period - Jarome Iginla is hit by Jeff Petry.
13:24 of 1st period - Shot by Nicklas Backstrom.
13:24 of 1st period - Shot Blocked by Anton Volchenkov.
13:45 of 1st period - Minor Penalty to Braydon Coburn for Interference.
13:46 of 1st period - Jeff Carter wins face-off versus Eric Staal in Predators zone.
16:12 of 1st period - Icing by Shane OBrien.
16:13 of 1st period - Steven Stamkos wins face-off versus Jesse Winchester in Hurricanes zone.
16:15 of 1st period - Minor Penalty to Raffi Torres for Interference.
16:16 of 1st period - Jeff Carter wins face-off versus Patrik Elias in Predators zone.
16:27 of 1st period - Shot by Ryan Wilson.
16:27 of 1st period - Shot Misses the Net.
16:29 of 1st period - Shot by Anton Volchenkov.
16:29 of 1st period - Stopped by Pekka Rinne with a rebound.
16:31 of 1st period - Shot by Patrik Elias.
16:31 of 1st period - Shot Misses the Net.
16:33 of 1st period - Shot by Anton Volchenkov.
16:33 of 1st period - Stopped by Pekka Rinne with a rebound.
16:35 of 1st period - Shot by Jarome Iginla.
16:35 of 1st period - Stopped by Pekka Rinne without a rebound.
16:36 of 1st period - Jeff Carter wins face-off versus Joffrey Lupul in Predators zone.
16:47 of 1st period - Shot by Joffrey Lupul.
16:47 of 1st period - Shot Blocked by Braydon Coburn.
17:06 of 1st period - Minor Penalty to Braydon Coburn for Interference.
17:07 of 1st period - Patrik Elias wins face-off versus Steven Stamkos in Predators zone.
17:16 of 1st period - Shot by Patrik Elias.
17:16 of 1st period - Stopped by Pekka Rinne with a rebound.
17:26 of 1st period - Shot by Patrik Elias.
17:26 of 1st period - Stopped by Pekka Rinne without a rebound.
17:27 of 1st period - Patrik Elias wins face-off versus Steven Stamkos in Predators zone.
18:00 of 1st period - Shot by Jarome Iginla.
18:00 of 1st period - Shot Misses the Net.
18:46 of 1st period - Shot by Eric Staal.
18:46 of 1st period - Stopped by Pekka Rinne without a rebound.
18:47 of 1st period - Patrik Elias wins face-off versus Jeff Carter in Predators zone.
18:48 of 1st period - Shot by Duncan Keith.
18:48 of 1st period - Stopped by Pekka Rinne without a rebound.
18:49 of 1st period - Patrik Elias wins face-off versus Joey Crabb in Predators zone.
19:30 of 1st period - Shot by Steven Stamkos.
19:30 of 1st period - Shot Misses the Net.
19:33 of 1st period - Wayne Simmonds is hit by Matt Greene and loses puck.
19:41 of 1st period - Nicklas Backstrom is hit by Matt Greene and loses puck.
19:53 of 1st period - Icing by Jason Chimera.
19:54 of 1st period - Warren Peters wins face-off versus Mikhail Grabovski in Hurricanes zone.
19:56 of 1st period - Icing by Jason Chimera.
19:57 of 1st period - Marian Gaborik wins face-off versus Warren Peters in Hurricanes zone.

2nd period


0:01 of 2nd period - Mikhail Grabovski wins face-off versus Patrik Elias in neutral zone.
0:03 of 2nd period - Off-side.
0:04 of 2nd period - Patrik Elias wins face-off versus Max Pacioretty in neutral zone.
0:32 of 2nd period - Icing by Jeff Petry.
0:33 of 2nd period - Eric Staal wins face-off versus Marian Gaborik in Predators zone.
1:34 of 2nd period - Steven Stamkos is hit by Ryan Wilson and loses puck.
1:37 of 2nd period - Shot by Wayne Simmonds.
1:37 of 2nd period - Stopped by Mike Smith without a rebound.
1:38 of 2nd period - Jeff Carter wins face-off versus Darroll Powe in Hurricanes zone.
2:06 of 2nd period - Shot by Daniel Winnik.
2:06 of 2nd period - Stopped by Pekka Rinne without a rebound.
2:07 of 2nd period - Nicklas Backstrom wins face-off versus Patrik Elias in Predators zone.
2:23 of 2nd period - Minor Penalty to Duncan Keith for Delaying the game.
2:24 of 2nd period - Brandon McMillan wins face-off versus Mikhail Grabovski in Hurricanes zone.
3:48 of 2nd period - Shot by Rostislav Klesla.
3:48 of 2nd period - Stopped by Mike Smith without a rebound.
3:49 of 2nd period - Brandon McMillan wins face-off versus Nicklas Backstrom in Hurricanes zone.
4:51 of 2nd period - Shot by Joffrey Lupul.
4:51 of 2nd period - Shot Blocked by Deryk Engelland.
5:11 of 2nd period - Icing by Ryan Wilson.
5:12 of 2nd period - Mikhail Grabovski wins face-off versus Chad LaRose in Hurricanes zone.
5:17 of 2nd period - Shot by Marian Gaborik.
5:17 of 2nd period - Shot Blocked by Ryan Wilson.
6:36 of 2nd period - Sheldon Brookbank is hit by Mikhail Grabovski and loses puck.
6:40 of 2nd period - Shane OBrien is hit by Mikhail Grabovski and loses puck.
6:49 of 2nd period - Rostislav Klesla is hit by Darroll Powe.
7:23 of 2nd period - Shot by Nicklas Backstrom.
7:23 of 2nd period - Stopped by Mike Smith without a rebound.
7:24 of 2nd period - Warren Peters wins face-off versus Jeff Carter in Hurricanes zone.
7:26 of 2nd period - Icing by Duncan Keith.
7:27 of 2nd period - Warren Peters wins face-off versus Jeff Carter in Hurricanes zone.
7:54 of 2nd period - Shot by Jason Chimera.
7:54 of 2nd period - Shot Misses the Net.
8:28 of 2nd period - Matt Greene is hit by Wayne Simmonds and loses puck.
8:48 of 2nd period - Patrik Elias is hit by Roman Polak and loses puck.
9:21 of 2nd period - Icing by Joffrey Lupul.
9:22 of 2nd period - Mikhail Grabovski wins face-off versus Eric Staal in Hurricanes zone.
9:25 of 2nd period - Shot by Max Pacioretty.
9:25 of 2nd period - Shot Misses the Net.
9:28 of 2nd period - Icing by Sheldon Brookbank.
9:29 of 2nd period - Jeff Carter wins face-off versus Eric Staal in Hurricanes zone.
10:16 of 2nd period - Icing by Jeff Petry.
10:17 of 2nd period - Jeff Carter wins face-off versus Patrik Elias in Predators zone.
10:21 of 2nd period - Off-side.
10:22 of 2nd period - Nicklas Backstrom wins face-off versus Patrik Elias in neutral zone.
10:28 of 2nd period - Minor Penalty to Wayne Simmonds for Interference.
10:29 of 2nd period - Jeff Carter wins face-off versus Chad LaRose in Predators zone.
11:08 of 2nd period - Anton Volchenkov is hit by Nicklas Backstrom and loses puck.
11:48 of 2nd period - Icing by Duncan Keith.
11:49 of 2nd period - Jeff Carter wins face-off versus Eric Staal in Hurricanes zone.
12:31 of 2nd period - Icing by Anton Volchenkov.
12:32 of 2nd period - Mikhail Grabovski wins face-off versus Daniel Winnik in Hurricanes zone.
12:47 of 2nd period - Shot by Max Pacioretty.
12:47 of 2nd period - Shot Blocked by Matt Greene.
13:32 of 2nd period - Icing by Zbynek Michalek.
13:33 of 2nd period - Matt Cooke wins face-off versus Nicklas Backstrom in Predators zone.
13:42 of 2nd period - Shot by Jarome Iginla.
13:42 of 2nd period - Shot Misses the Net.
14:05 of 2nd period - Shot by Jarome Iginla.
14:05 of 2nd period - Stopped by Pekka Rinne without a rebound.
14:06 of 2nd period - Jeff Carter wins face-off versus Eric Staal in Predators zone.
14:20 of 2nd period - Off-side.
14:21 of 2nd period - Mikhail Grabovski wins face-off versus Jesse Winchester in neutral zone.
14:21 of 2nd period - Mikhail Grabovski is hit by Jesse Winchester.
14:34 of 2nd period - Minor Penalty to Jesse Winchester for Hooking.
14:35 of 2nd period - Brandon McMillan wins face-off versus Nicklas Backstrom in Hurricanes zone.
14:35 of 2nd period - Brandon McMillan is hit by Steven Stamkos.
15:19 of 2nd period - Shot by Nicklas Backstrom.
15:19 of 2nd period - Stopped by Mike Smith with a rebound.
16:05 of 2nd period - Anton Volchenkov is hit by Max Pacioretty and loses puck.
16:10 of 2nd period - Shot by Jeff Petry.
16:10 of 2nd period - Stopped by Mike Smith without a rebound.
16:11 of 2nd period - Darroll Powe wins face-off versus Mikhail Grabovski in Hurricanes zone.
16:28 of 2nd period - Shot by Shane OBrien.
16:28 of 2nd period - Shot Misses the Net.
16:36 of 2nd period - Shot by Marian Gaborik.
16:36 of 2nd period - Stopped by Mike Smith without a rebound.
16:37 of 2nd period - Eric Staal wins face-off versus Jeff Carter in Hurricanes zone.
16:37 of 2nd period - Eric Staal is hit by Jeff Carter.
18:03 of 2nd period - Shot by Shea Weber.
18:03 of 2nd period - Shot Blocked by Shane OBrien.
18:24 of 2nd period - Off-side.
18:25 of 2nd period - Steven Stamkos wins face-off versus Darroll Powe in neutral zone.
18:27 of 2nd period - Off-side.
18:28 of 2nd period - Jesse Winchester wins face-off versus Nicklas Backstrom in neutral zone.
18:28 of 2nd period - Jesse Winchester is hit by Wayne Simmonds.
19:11 of 2nd period - Shot by Wayne Simmonds.
19:11 of 2nd period - Stopped by Mike Smith without a rebound.
19:12 of 2nd period - Eric Staal wins face-off versus Mikhail Grabovski in Hurricanes zone.
19:12 of 2nd period - Eric Staal is hit by Max Pacioretty.
19:17 of 2nd period - Off-side.
19:18 of 2nd period - Mikhail Grabovski wins face-off versus Patrik Elias in neutral zone.
19:40 of 2nd period - Shot by Jarome Iginla.
19:40 of 2nd period - Shot Misses the Net.

3rd period


0:01 of 3rd period - Patrik Elias wins face-off versus Nicklas Backstrom in neutral zone.
0:40 of 3rd period - Shot by Nicklas Backstrom.
0:40 of 3rd period - Stopped by Mike Smith without a rebound.
0:41 of 3rd period - Mikhail Grabovski wins face-off versus Eric Staal in Hurricanes zone.
0:48 of 3rd period - Rostislav Klesla is hit by Chad LaRose and loses puck.
0:58 of 3rd period - Icing by Rostislav Klesla.
0:59 of 3rd period - Warren Peters wins face-off versus Mikhail Grabovski in Predators zone.
1:08 of 3rd period - Shot by Marian Gaborik.
1:08 of 3rd period - Deflect By Max Pacioretty.
1:08 of 3rd period - Shot Misses the Net.
1:31 of 3rd period - Icing by Shane OBrien.
1:32 of 3rd period - Nicklas Backstrom wins face-off versus Warren Peters in Hurricanes zone.
1:39 of 3rd period - Shot by Steven Stamkos.
1:39 of 3rd period - Shot Misses the Net.
1:41 of 3rd period - Shot by Jeff Petry.
1:41 of 3rd period - Shot Misses the Net.
1:51 of 3rd period - Shot by Steven Stamkos.
1:51 of 3rd period - Goal by Steven Stamkos - Hurricanes : 1 - Predators : 2.
1:52 of 3rd period - Jeff Carter wins face-off versus Eric Staal in neutral zone.
2:06 of 3rd period - Shot by Eric Staal.
2:06 of 3rd period - Goal by Eric Staal - Hurricanes : 2 - Predators : 2.
2:07 of 3rd period - Patrik Elias wins face-off versus Nicklas Backstrom in neutral zone.
2:20 of 3rd period - Shot by Patrik Elias.
2:20 of 3rd period - Shot Misses the Net.
2:25 of 3rd period - Icing by Nicklas Backstrom.
2:26 of 3rd period - Eric Staal wins face-off versus Nicklas Backstrom in Predators zone.
2:51 of 3rd period - Shot by Steven Stamkos.
2:51 of 3rd period - Stopped by Mike Smith without a rebound.
2:52 of 3rd period - Mikhail Grabovski wins face-off versus Patrik Elias in Hurricanes zone.
3:06 of 3rd period - Icing by Duncan Keith.
3:07 of 3rd period - Patrik Elias wins face-off versus Jeff Carter in Hurricanes zone.
3:40 of 3rd period - Icing by Ryan Wilson.
3:41 of 3rd period - Patrik Elias wins face-off versus Nicklas Backstrom in Hurricanes zone.
4:29 of 3rd period - Icing by Jeff Petry.
4:30 of 3rd period - Eric Staal wins face-off versus Nicklas Backstrom in Predators zone.
4:33 of 3rd period - Shot by Eric Staal.
4:33 of 3rd period - Stopped by Pekka Rinne with a rebound.
4:50 of 3rd period - Minor Penalty to Joffrey Lupul for Hooking.
4:51 of 3rd period - Darroll Powe wins face-off versus Mikhail Grabovski in Hurricanes zone.
5:00 of 3rd period - Matt Greene is hit by Max Pacioretty and loses puck.
5:09 of 3rd period - Shot by Marian Gaborik.
5:09 of 3rd period - Shot Misses the Net.
5:11 of 3rd period - Shot by Max Pacioretty.
5:11 of 3rd period - Stopped by Mike Smith without a rebound.
5:12 of 3rd period - Darroll Powe wins face-off versus Mikhail Grabovski in Hurricanes zone.
6:18 of 3rd period - Icing by Shea Weber.
6:19 of 3rd period - Nicklas Backstrom wins face-off versus Darroll Powe in Predators zone.
6:35 of 3rd period - Shot by Shea Weber.
6:35 of 3rd period - Stopped by Mike Smith without a rebound.
6:36 of 3rd period - Mikhail Grabovski wins face-off versus Patrik Elias in Hurricanes zone.
6:58 of 3rd period - Eric Staal is hit by Deryk Engelland and loses puck.
7:06 of 3rd period - Icing by Zbynek Michalek.
7:07 of 3rd period - Jeff Carter wins face-off versus Jesse Winchester in Predators zone.
7:54 of 3rd period - Shot by Nicklas Backstrom.
7:54 of 3rd period - Deflect By Steven Stamkos.
7:54 of 3rd period - Shot Misses the Net.
7:56 of 3rd period - Shot by Rostislav Klesla.
7:56 of 3rd period - Shot Hit the Post.
8:49 of 3rd period - Icing by Braydon Coburn.
8:50 of 3rd period - Eric Staal wins face-off versus Max Pacioretty in Predators zone.
9:04 of 3rd period - Icing by Marian Gaborik.
9:05 of 3rd period - Patrik Elias wins face-off versus Mikhail Grabovski in Predators zone.
9:14 of 3rd period - Shot by Patrik Elias.
9:14 of 3rd period - Stopped by Pekka Rinne without a rebound.
9:15 of 3rd period - Jeff Carter wins face-off versus Chad LaRose in Predators zone.
9:19 of 3rd period - Off-side.
9:20 of 3rd period - Eric Staal wins face-off versus Nicklas Backstrom in neutral zone.
9:20 of 3rd period - Eric Staal is hit by Wayne Simmonds.
9:21 of 3rd period - Minor Penalty to Wayne Simmonds for Roughing.
9:22 of 3rd period - Jeff Carter wins face-off versus Matt Cooke in Predators zone.
9:22 of 3rd period - Jeff Carter is hit by Matt Cooke.
9:31 of 3rd period - Off-side.
9:32 of 3rd period - Jeff Carter wins face-off versus Patrik Elias in neutral zone.
9:41 of 3rd period - Shot by Duncan Keith.
9:41 of 3rd period - Stopped by Pekka Rinne without a rebound.
9:42 of 3rd period - Jeff Carter wins face-off versus Eric Staal in Predators zone.
9:57 of 3rd period - Shot by Joffrey Lupul.
9:57 of 3rd period - Stopped by Pekka Rinne without a rebound.
9:58 of 3rd period - Patrik Elias wins face-off versus Jeff Carter in Predators zone.
9:58 of 3rd period - Patrik Elias is hit by Braydon Coburn.
10:19 of 3rd period - Icing by Anton Volchenkov.
10:20 of 3rd period - Jeff Carter wins face-off versus Patrik Elias in Hurricanes zone.
10:20 of 3rd period - Jeff Carter is hit by Anton Volchenkov.
10:24 of 3rd period - Shot by Jeff Carter.
10:24 of 3rd period - Stopped by Mike Smith without a rebound.
10:25 of 3rd period - Jeff Carter wins face-off versus Eric Staal in Hurricanes zone.
10:39 of 3rd period - Shot by Duncan Keith.
10:39 of 3rd period - Stopped by Pekka Rinne without a rebound.
10:40 of 3rd period - Patrik Elias wins face-off versus Jeff Carter in Predators zone.
12:40 of 3rd period - Shot by Steven Stamkos.
12:40 of 3rd period - Stopped by Mike Smith without a rebound.
12:41 of 3rd period - Steven Stamkos wins face-off versus Chad LaRose in Hurricanes zone.
12:50 of 3rd period - Shot by Steven Stamkos.
12:50 of 3rd period - Stopped by Mike Smith without a rebound.
12:51 of 3rd period - Patrik Elias wins face-off versus Wayne Simmonds in Hurricanes zone.
13:17 of 3rd period - Shot by Braydon Coburn.
13:17 of 3rd period - Stopped by Mike Smith with a rebound.
13:19 of 3rd period - Shot by Steven Stamkos.
13:19 of 3rd period - Stopped by Mike Smith without a rebound.
13:20 of 3rd period - Jeff Carter wins face-off versus Eric Staal in Hurricanes zone.
13:26 of 3rd period - Joffrey Lupul is hit by Joey Crabb and loses puck.
13:27 of 3rd period - Minor Penalty to Joey Crabb for Cross-checking.
13:28 of 3rd period - Jeff Carter wins face-off versus Eric Staal in Predators zone.
13:37 of 3rd period - Shot by Duncan Keith.
13:37 of 3rd period - Stopped by Pekka Rinne without a rebound.
13:38 of 3rd period - Jeff Carter wins face-off versus Chad LaRose in Predators zone.
15:08 of 3rd period - Shot by Duncan Keith.
15:08 of 3rd period - Shot Misses the Net.
16:22 of 3rd period - Sheldon Brookbank is hit by Braydon Coburn and loses puck.
17:19 of 3rd period - Icing by Zbynek Michalek.
17:20 of 3rd period - Nicklas Backstrom wins face-off versus Patrik Elias in Predators zone.
17:55 of 3rd period - Shot by Nicklas Backstrom.
17:55 of 3rd period - Stopped by Mike Smith with a rebound.
18:27 of 3rd period - Shot by Rostislav Klesla.
18:27 of 3rd period - Stopped by Mike Smith without a rebound.
18:28 of 3rd period - Jeff Carter wins face-off versus Jesse Winchester in Hurricanes zone.
18:45 of 3rd period - Shot by Joey Crabb.
18:45 of 3rd period - Shot Misses the Net.
18:47 of 3rd period - Shot by Braydon Coburn.
18:47 of 3rd period - Stopped by Mike Smith without a rebound.
18:48 of 3rd period - Eric Staal wins face-off versus Mikhail Grabovski in Hurricanes zone.
18:48 of 3rd period - Eric Staal is hit by Mikhail Grabovski.
18:58 of 3rd period - Off-side.
18:59 of 3rd period - Eric Staal wins face-off versus Nicklas Backstrom in neutral zone.
19:19 of 3rd period - Icing by Braydon Coburn.
19:20 of 3rd period - Patrik Elias wins face-off versus Wayne Simmonds in Predators zone.

Overtime #1


0:01 of 1st overtime period - Steven Stamkos wins face-off versus Jarome Iginla in neutral zone.
0:44 of 1st overtime period - Shot by Jeff Carter.
0:44 of 1st overtime period - Stopped by Mike Smith without a rebound.
0:45 of 1st overtime period - Patrik Elias wins face-off versus Steven Stamkos in Hurricanes zone.
1:26 of 1st overtime period - Shot by Joffrey Lupul.
1:26 of 1st overtime period - Shot Misses the Net.
2:04 of 1st overtime period - Shot by Mikhail Grabovski.
2:04 of 1st overtime period - Shot Blocked by Anton Volchenkov.
2:38 of 1st overtime period - Shot by Marian Gaborik.
2:38 of 1st overtime period - Shot Misses the Net.
2:50 of 1st overtime period - Shot by Nicklas Backstrom.
2:50 of 1st overtime period - Shot Misses the Net.
4:12 of 1st overtime period - Shot by Max Pacioretty.
4:12 of 1st overtime period - Stopped by Mike Smith without a rebound.
4:13 of 1st overtime period - Marian Gaborik wins face-off versus Patrik Elias in Hurricanes zone.
4:32 of 1st overtime period - Icing by Duncan Keith.
4:33 of 1st overtime period - Patrik Elias wins face-off versus Marian Gaborik in Hurricanes zone.
4:38 of 1st overtime period - Shot by Joffrey Lupul.
4:38 of 1st overtime period - Shot Misses the Net.

ShootOut


5:00 of 1st overtime period - Penalty Shot by Eric Staal for Hurricanes.
5:00 of 1st overtime period - Stopped by Pekka Rinne.
5:00 of 1st overtime period - Penalty Shot by Steven Stamkos for Predators.
5:00 of 1st overtime period - Stopped by Mike Smith.
5:00 of 1st overtime period - Penalty Shot by Joffrey Lupul for Hurricanes.
5:00 of 1st overtime period - Goal by Joffrey Lupul.
5:00 of 1st overtime period - Penalty Shot by Marian Gaborik for Predators.
5:00 of 1st overtime period - Stopped by Mike Smith.
5:00 of 1st overtime period - Penalty Shot by Patrik Elias for Hurricanes.
5:00 of 1st overtime period - Shot Misses the Net.
5:00 of 1st overtime period - Penalty Shot by Jeff Carter for Predators.
5:00 of 1st overtime period - Stopped by Mike Smith.


Output by the SimonT Hockey Simulator (STHS) for Stephane Roy -- Original Page W3C XHTML 1.0 Valid
Hockey Simulator - Hockey Simulation - Hockey Manager